 Dungeon Crawl Stone Soup version 0.17-a0-1368-g6ab37f2 (webtiles) character file.

129 JustAnotherGriefer the Skirmisher (level 4, -7/37 HPs)
             Began as a Demonspawn Berserker on June 12, 2015.
             Was a Believer of Trog.
             Killed by divine providence
             ... invoked by an orc priest
              (17 damage)
             ... on level 3 of the Dungeon.
             The game lasted 00:09:58 (2143 turns).

JustAnotherGriefer the Skirmisher (DsBe)            Turns: 2143, Time: 00:09:58

Health: -7/37      AC:  2    Str: 18    XL:     4   Next: 88%
Magic:  13/13      EV: 13    Int:  8    God:    Trog [**....]
Gold:   119        SH:  0    Dex: 13    Spells: 0 memorised, 3 levels left

rFire  . . .     SeeInvis .     a - +1 hand axe
rCold  . . .     Clarity  .     b - +0 animal skin
rNeg   . . .     SustAt   .     (no shield)
rPois  .         Gourm    .     (no helmet)
rElec  .         Spirit   .     (no cloak)
rCorr  .         Warding  .     (no gloves)
rMut   .         Stasis   .     (no boots)
MR     .....                    (no amulet)
Stlth  +.........               l - ring of wizardry
                                j - ring of magical power

@: not resistant to hostile enchantments, very unstealthy
A: powered by death 2
a: Burn Spellbooks, Berserk, Trog's Hand, Renounce Religion


You were on level 3 of the Dungeon.
You worshipped Trog.
Trog was pleased with you.
You were near starving.

You visited 1 branch of the dungeon, and saw 3 of its levels.

You collected 119 gold pieces.

Inventory:

Hand weapons
 a - a +1 hand axe (weapon)
Armour
 b - a +0 animal skin (worn)
Jewellery
 j - a ring of magical power (left hand)
 l - a ring of wizardry (right hand)
Scrolls
 c - a scroll of identify
 e - a scroll of fog {unknown}
 f - 2 scrolls of random uselessness
 i - 2 scrolls of teleportation {unknown}
 k - 3 scrolls of remove curse
 n - a scroll of recharging {unknown}
 o - a scroll of magic mapping {unknown}
Potions
 d - a potion of invisibility {unknown}
 g - a potion of mutation {unknown}
 h - a potion of ambrosia {unknown}
 m - 2 potions of poison {unknown}
 p - a potion of agility {unknown}
 q - a potion of might {unknown}


   Skills:
 + Level 3.9 Fighting
 + Level 3.3 Axes
 + Level 1.8 Armour
 + Level 3.4 Dodging
 + Level 0.2 Stealth


You had 3 spell levels left.
You didn't know any spells.

Dungeon Overview and Level Annotations

Branches:
Dungeon (3/15)

Altars:
Dithmenos
Trog

Portals:
Sewer: D:3


Innate Abilities, Weirdness & Mutations

You regenerate health from kills.


Message History

The orc hits you with a hand axe.
* * * LOW HITPOINT WARNING * * *
You closely miss the orc.
The orc is almost dead.
You barely miss the orc.
The orc is almost dead.
The orc priest calls upon Beogh to heal the orc.
The orc is healed somewhat.
The orc misses you.
You hit the orc.
The orc is heavily wounded.
You hear the rusting of a drain nearby.
You feel less regenerative. The orc barely misses you.
The orc priest utters an invocation to Beogh.
You feel a wave of unholy energy pass over you.
The orc priest calls upon Beogh to heal the orc.
The orc's wounds heal themselves!
The orc priest invokes the aid of Beogh against you.
Something smites you!
You die...

###.# ##.#..#####.#.#
#.##...##
#...##.........##.#.#
#.###.##
#.####.#######.##.#.# #o#
### #.# #.#≈≈≈≈≈#.##.#.#
#o# #.#
#.#≈≈∩≈≈†......###.# #.#
#.#≈≈≈≈≈#..#.o#.##.# #.#
##.#######.>#.###oo.# #.#
#...........#.<#.####
#.###.##.#....@.o÷)..#
#..........###.....#......
########.### #...#...#####
#.# ######.## #.# #.# #.#
... #.# .## #.. .# #.#


You could see an orc priest.

Vanquished Creatures
  8 adders
  A worm (D:2)
  2 giant geckos
  An orc (D:3)
  2 ball pythons (D:2)
  4 giant cockroaches
  6 goblins
  4 hobgoblins
  2 bats
  9 jackals
  9 kobolds
  4 rats
52 creatures vanquished.

Notes
Turn   | Place    | Note
--------------------------------------------------------------
     0 | D:1      | JustAnotherGriefer the Demonspawn Berserker began the quest for the Orb.
     0 | D:1      | Reached XP level 1. HP: 18/18 MP: 1/1
   182 | D:1      | Gained mutation: You regenerate a little health from kills. [demonic ancestry]
   182 | D:1      | Reached XP level 2. HP: 6/24 MP: 2/2
   888 | D:2      | Acquired Trog's second power
  1114 | D:2      | Gained mutation: You regenerate health from kills. [demonic ancestry]
  1114 | D:2      | Reached XP level 3. HP: 21/29 MP: 3/3
  1135 | D:2      | Found a shadowy altar of Dithmenos.
  1137 | D:2      | Found a bloodstained altar of Trog.
  1365 | D:2      | Found a faded altar to an unknown god.
  1675 | D:2      | Reached XP level 4. HP: 29/37 MP: 4/4
  1933 | D:3      | Found a glowing drain.
  2143 | D:3      | Killed from afar by an orc priest

Vault maps used:
D:1:      dpeg_arrival_radiant, minmay_crystal_room, minivault_19, st_stairs_8
D:2:      grunt_temple_overflow_open, ecumenical_altar_2
D:3:      overflow_temple_1_default, gup_sewer_entry_glass

Action                   |  1- 3 |  4- 6 || total
-------------------------+-------+-------++-------
Melee: Hand axe          |   136 |    58 ||   194
Invok: Berserk           |     2 |       ||     2
       Trog's Hand       |       |     1 ||     1
  Use: Scroll            |     3 |       ||     3
  Eat: Bread ration      |     1 |       ||     1
